 Dungeon Crawl Stone Soup version 0.27-a0-1291-geefcff550b (webtiles) character file.

Game seed: 16117803484503521672

20 porpoise the Skirmisher (level 2, -1/25 HPs)
             Began as a Demonspawn Wanderer on June 16, 2021.
             Slain by a gnoll (4 damage)
             ... on level 2 of the Dungeon.
             The game lasted 00:03:36 (1471 turns).

porpoise the Skirmisher (Demonspawn Wanderer)       Turns: 1471, Time: 00:03:36

Health: -1/25      AC:  9    Str: 14    XL:     2   Next: 58%
Magic:  2/2        EV:  9    Int: 14    God:
Gold:   21         SH:  0    Dex: 11    Spells: 1/1 levels left

rFire    . . .     SeeInvis .   a - +0 hand axe
rCold    + . .     Faith    .   (no shield)
rNeg     . . .     Spirit   .   c - +2 scale mail
rPois    .         Reflect  .   (no helmet)
rElec    .         Harm     .   (no cloak)
rCorr    .         Rampage  .   k - +0 pair of gloves
Will     .....                  (no boots)
Stlth    ..........             (no amulet)
HPRegen  0.08/turn              (no ring)
MPRegen  0.08/turn              (no ring)

@: no status effects
A: powered by death 1, cold resistance 1, strong 1, wild magic 1
a: no special abilities


You were on level 2 of the Dungeon.
You visited 1 branch of the dungeon, and saw 2 of its levels.

You collected 21 gold pieces.

Inventory:

Hand Weapons
 a - a +0 hand axe (weapon)
 b - a +0 hunting sling
 f - a +0 club
Missiles
 e - 74 stones (quivered)
 g - 28 sling bullets
 h - 2 boomerangs
Armour
 c - a +2 scale mail (worn)
 k - a +0 pair of gloves (worn)
Scrolls
 d - a scroll of enchant armour {unknown}
 i - a scroll of teleportation {unknown}
 j - a scroll of brand weapon {unknown}
 l - 2 scrolls of identify {unknown}
 o - a scroll of vulnerability {unknown}
Potions
 n - a potion of might {unknown}


   Skills:
 + Level 4.3 Fighting
 + Level 1.6 Maces & Flails
 - Level 1.0 Bows
 - Level 1.7 Throwing
 - Level 1.7 Armour
 + Level 0.7 Dodging


You had one spell level left.
You didn't know any spells.
Your spell library contained the following spells:

 Spells                   Type           Power      Damage    Failure   Level
 Sandblast                Erth           0%         2d4       83%         1
 Shock                    Conj/Air       0%         1d3       83%         1
 Stone Arrow              Conj/Erth      0%         3d7       99%         3
 Swiftness                Air            0%         N/A       99%         3


Dungeon Overview and Level Annotations

Branches:
Dungeon (2/15)

Altars:


Innate Abilities, Weirdness & Mutations

You regenerate a little health from kills.
Your flesh is cold resistant. (rC+)
Your muscles are strong. (Str +2)
Your spells are a little harder to cast, but a little more powerful.


Message History

You shoot a stone. The stone closely misses the hobgoblin.
You shoot a stone. The stone hits the hobgoblin.
You kill the hobgoblin!
The dart slug launches a dart at you. The slug dart misses you.
You shoot a stone.
The stone hits the gnoll but does no damage.
You shoot a stone. The stone closely misses the gnoll.
The gnoll hits you with a +0 flail.
a - a +0 hand axe (weapon)
You barely miss the gnoll. The gnoll hits you but does no damage.
You hit the gnoll.
The gnoll is moderately wounded.
The gnoll hits you with a +0 flail. The gnoll closely misses you.
You hit the gnoll.
The gnoll is heavily wounded.
The gnoll hits you with a +0 flail.
You completely miss the gnoll.
The gnoll is heavily wounded.
The gnoll hits you with a +0 flail.
You are too injured to fight recklessly!
You are too injured to fight recklessly!
You are too injured to fight recklessly!
You hit the gnoll but do no damage.
The gnoll is heavily wounded.
The gnoll closely misses you.
You closely miss the gnoll.
The gnoll is heavily wounded.
The gnoll hits you with a +0 flail.
* * * LOW HITPOINT WARNING * * *
The gnoll barely misses you.
You closely miss the gnoll.
The gnoll is heavily wounded.
The gnoll hits you with a +0 flail.
* * * LOW HITPOINT WARNING * * *
It was a potion of mutation.
You feel extremely strange.
You feel less in control of your magic.
You feel stronger.
You feel resistant to cold. The gnoll hits you with a +0 flail.
You die...

.##.#...#
##################
................#
####....#...##.)#
#....#...# #.#
#####....##..###.#
........###......#
....#...# ##.....#
....#...# ###..@#
...##..## ###g#
.####..# .w#
......## (..#
.....## .....
...### (((.(# ####
#.###.# # .( #(#


You could see a gnoll and a dart slug.

Vanquished Creatures
  2 giant cockroaches
  A goblin (D:2)
  3 hobgoblins
  3 quokkas
  A ball python (D:2)
  3 frilled lizards
  3 kobolds
  2 rats (D:1)
18 creatures vanquished.

Notes
Turn   | Place    | Note
-------+----------+-------------------------------------------
     0 | D:1      | porpoise the Demonspawn Wanderer began the quest for the
                  | Orb.
     0 | D:1      | porpoise set off with the following items: a +0 club, a +2
                  | scale mail; and the following spells available to memorise:
                  | Sandblast, Shock, Stone Arrow, Swiftness
     0 | D:1      | Reached XP level 1. HP: 19/19 MP: 1/1
   364 | D:1      | Found a faded altar of an unknown god.
   414 | D:1      | Gained mutation: You regenerate a little health from kills.
                  | [demonic ancestry]
   414 | D:1      | Reached XP level 2. HP: 25/25 MP: 2/2
  1471 | D:2      | Gained mutation: Your spells are a little harder to cast,
                  | but a little more powerful. [potion of mutation]
  1471 | D:2      | Gained mutation: Your muscles are strong. (Str +2) [potion
                  | of mutation]
  1471 | D:2      | Gained mutation: Your flesh is cold resistant. (rC+)
                  | [potion of mutation]
  1471 | D:2      | Slain by a gnoll

Illustrated notes

Levels and vault maps discovered:
D:1:      enne_arrival_octagon_isle, layout_basic,
          shapermc_ecumenical_altar_flowoftime, chequers_serial_rivers_micro_d
D:2:      minmay_recursive_quarters, layout_loops_ring, serial_shops,
          nicolae_shop_waterfront

Action                   || total
-------------------------++-------
Melee: Hand axe          ||    55
       Club              ||     2
 Fire: Hunting sling     ||    34
  Use: Potion            ||     1
Armor: Scale mail        ||    30
Dodge: Dodged            ||    30

Table legend: (Time is in decaauts)
 A = Elapsed time spent in this place.
 B = Non-inter-level travel time spent in this place.
 C = Inter-level travel time spent in this place.
 D = Time resting spent in this place.
 E = Time spent auto-exploring this place.
 F = Levels seen in this place.
 G = Mean time per level.
                   A        B        C        D        E       F      G
               +--------+--------+--------+--------+--------+-----+--------+
         Total |   1482 |   1420 |     62 |    329 |    852 |   2 |  741.0 |
       Dungeon |   1482 |   1420 |     62 |    329 |    852 |   2 |  741.0 |
               +--------+--------+--------+--------+--------+-----+--------+

Top non-repeatable levels by time:
     D:1: 943 daAuts
     D:2: 539 daAuts
